 Dungeon Crawl Stone Soup version 0.30-a0-4-ga7cffc901d (webtiles) character file.

Game seed: 9226043886477864788

47 purpskrrrp the Sneak (level 3, -1/26 HPs)
             Began as a Djinni Brigand on Aug 21, 2022.
             Was a Follower of Hepliaklqana.
             Slain by Terence
             ... wielding a +0 falchion
              (9 damage)
             ... on level 2 of the Dungeon.
             The game lasted 00:03:48 (1340 turns).

purpskrrrp the Sneak (Djinni Brigand)               Turns: 1340, Time: 00:03:49

Health: -1/26      AC:  3    Str: 10    XL:     3   Next: 97%
Gold:   109        EV: 12    Int: 12    God:    Hepliaklqana [*.....] SH:  0 Dex: 16

rFire   + + .      SeeInvis .    a - +2 dagger
rCold   x . .      Faith    .    (no shield)
rNeg    . . .      Spirit   .    b - +0 robe
rPois   ∞          Reflect  .    (no helmet)
rElec   .          Harm     .    c - +0 cloak
rCorr   .          Rampage  .    (no gloves)
Will    .....                    (boots unavailable)
Stlth   +++.......               k - amulet of regeneration
HPRegen 0.88/turn                (no ring)
MPRegen 0.00/turn                (no ring)

@: mighty, attractive, flying
A: reduced essence, sickness immunity, fire resistance 2, cold vulnerability 1,
float, innate caster, HP casting, extra vitality 1
a: Renounce Religion, Recall Ancestor, Ancestor Identity


You were on level 2 of the Dungeon.
You worshipped Hepliaklqana.
Hepliaklqana was aware of your devotion.
You visited 1 branch of the dungeon, and saw 2 of its levels.

You collected 109 gold pieces.

Inventory:

Hand Weapons
 a - a +2 dagger (weapon)
Missiles
 d - 9 poisoned darts (quivered)
 e - 3 curare-tipped darts
Armour
 b - a +0 robe (worn)
 c - a +0 cloak (worn)
Jewellery
 k - an amulet of regeneration (around neck)
Scrolls
 g - a scroll of identify {unknown}
 i - a scroll of noise {unknown}
Potions
 l - a potion of ambrosia {unknown}
 m - a potion of resistance {unknown}


   Skills:
 + Level 2.5 Fighting
 + Level 2.2 Short Blades
 - Level 1.5 Throwing
 + Level 1.9 Dodging
 * Level 3.8 Stealth


You had one spell level left.
You knew the following spells:

 Your Spells              Type           Power      Damage    Failure   Level
a - Shock                 Conj/Air       0%         1d3       32%         1
Your spell library was empty.

Dungeon Overview and Level Annotations

Branches:
Dungeon (2/15)

Altars:
Hepliaklqana

Shops:
D:1 ?

Annotations:
D:2 Terence


Innate Abilities, Weirdness & Mutations

Your life essence is reduced to manifest your ancestor. (-10% HP)
You are immune to sickness and miasma.
You are immune to poison.
Your flesh is very heat resistant. (rF++)
You are vulnerable to cold. (rC-)
You float through the air rather than walking.
You learn spells naturally, not from books.
Your magical power is your life essence.
You have superior vitality. (+4 MHP)


Message History

You are too injured to fight recklessly!
You are too injured to fight recklessly!
You are too injured to fight recklessly!
You are too injured to fight recklessly!
You are too injured to fight recklessly!
You are too injured to fight recklessly!
You are too injured to fight recklessly!
You are too injured to fight recklessly!
You are too injured to fight recklessly!
You are too injured to fight recklessly!
You are too injured to fight recklessly!
You are too injured to fight recklessly!
You are too injured to fight recklessly!
You are too injured to fight recklessly!
You are too injured to fight recklessly!
You are too injured to fight recklessly!
You closely miss Terence.
Terence is heavily wounded.
Terence closely misses you.
You hit Terence.
Terence is heavily wounded.
Terence hits you with a +0 falchion.
You hit Terence.
Terence is severely wounded.
You hit Terence but do no damage.
Terence is severely wounded.
Terence hits you with a +0 falchion!
* * * LOW HITPOINT WARNING * * *
It was a potion of magic.
Magic washes over you without effect. Terence misses you.
It was a potion of attraction.
You feel attractive to monsters. Terence barely misses you.
It was a potion of might.
You feel very mighty all of a sudden. Terence barely misses you.
You closely miss Terence.
Terence is severely wounded.
Terence hits you with a +0 falchion!
You die...

.###.#.###.#.#..#
##.........#.#..#
....##...###.#..#
...# #...# #....#
...#
##.######.###
...##
#.....†....#
#...#
#########..#
....# ...<....#
#.#.# ##.####@#
.... #@# #.#. #.#
#.# #.. ###


You could see Terence.

Vanquished Creatures
  An adder (D:2)
  A dart slug (D:2)
  2 ball pythons
  4 endoplasms (D:1)
  A giant cockroach (D:2)
  6 goblins
  7 hobgoblins
  2 quokkas
  2 bats
  A kobold (D:2)
  6 rats
33 creatures vanquished.

Vanquished Creatures (others)
  2 plants (D:1)
2 creatures vanquished.

Grand Total: 35 creatures vanquished

Notes
Turn   | Place    | Note
-------+----------+-------------------------------------------
     0 | D:1      | purpskrrrp the Djinni Brigand began the quest for the Orb.
     0 | D:1      | Reached XP level 1. HP: 18/18 MP: 0/0
   181 | D:1      | Found Zakac's Magic Scroll Emporium.
   198 | D:1      | Reached XP level 2. HP: 23/23 MP: 0/0
   429 | D:1      | Found a faded altar of an unknown god.
   616 | D:1      | Reached XP level 3. HP: 15/28 MP: 0/0
   616 | D:1      | Learned a level 1 spell: Shock
  1012 | D:1      | Prayed at the altar of an unknown god.
  1012 | D:1      | Became a worshipper of Hepliaklqana the Forgotten
  1012 | D:1      | Reached * piety under Hepliaklqana
  1314 | D:2      | Noticed Terence
  1340 | D:2      | Slain by Terence

Illustrated notes

Levels and vault maps discovered:
D:1:      dpeg_arrival_central, layout_basic, serial_shops, shop,
          shapermc_ecumenical_altar_mp_ritualfount
D:2:      minmay_skewed_foursquare, layout_basic, serial_shops, shop,
          kennysheep_boxes, uniq_terence

Skill      XL: |  1  2 |
---------------+-------+-----
Short Blades   | 2 |  2.2
Fighting       | |  2.5
Throwing       | |  1.5
Dodging        | |  1.9
Stealth        | |  3.8

Action                   || total
-------------------------++-------
Melee: Dagger            ||   116
Invok: Ancestor Identity ||     1
  Use: Potion            ||     5
 Stab: Sleeping          ||    10
Armor: Robe              ||    20
Dodge: Dodged            ||    69

Table legend: (Time is in decaauts)
 A = Elapsed time spent in this place.
 B = Non-inter-level travel time spent in this place.
 C = Inter-level travel time spent in this place.
 D = Time resting spent in this place.
 E = Time spent auto-exploring this place.
 F = Levels seen in this place.
 G = Mean time per level.
                   A        B        C        D        E       F      G
               +--------+--------+--------+--------+--------+-----+--------+
         Total |   1327 |   1291 |     36 |      0 |   1003 |   2 |  663.5 |
       Dungeon |   1327 |   1291 |     36 |      0 |   1003 |   2 |  663.5 |
               +--------+--------+--------+--------+--------+-----+--------+

Top non-repeatable levels by time:
     D:1: 1042 daAuts
     D:2: 285 daAuts
